 Dungeon Crawl Stone Soup version 0.22.0 (webtiles) character file.

2166 inmateoo the Tainter (level 9, -4/64 HPs)
             Began as an Octopode Venom Mage on Aug 11, 2018.
             Splashed by a jelly's acid (9 damage)
             ... on level 5 of the Dungeon.
             The game lasted 00:14:51 (8834 turns).

inmateoo the Tainter (Octopode Venom Mage)          Turns: 8834, Time: 00:14:52

Health: -4/64      AC: -19   Str: 11    XL:     9   Next: 32%
Magic:  4/18       EV: 13    Int: 21    God:
Gold:   274        SH:  0    Dex: 12    Spells: 5/20 levels left

rFire    . . .     SeeInvis .   t - +0 trident
rCold    + . .     Gourm    .   (no shield)
rNeg     . . .     Faith    .   (helmet restricted)
rPois    .         Spirit   .   (no amulet)
rElec    .         Reflect  .   m - +4 ring of strength
rCorr    .         Harm     .   x - ring of protection from cold
MR       .....                  (no ring)
Stlth    +++.......             (no ring)
HPRegen  0.20/turn              (no ring)
MPRegen  0.16/turn              (no ring)
                                (no ring)
                                (no ring)

@: corroded
A: almost no armour, stealthy swim, amphibious, 8 rings, constrict 8, camouflage
1, gelatinous body 1
a: no special abilities


You were on level 5 of the Dungeon.
You were not hungry.

You visited 1 branch of the dungeon, and saw 5 of its levels.
You also visited: Sewer and Ossuary.

You collected 274 gold pieces.

Inventory:

Hand Weapons
 j - a +0 spear
 t - a +0 trident (weapon)
Missiles
 w - 3 javelins of returning (quivered)
Jewellery
 m - a +4 ring of strength (left tentacle)
 x - a ring of protection from cold (right tentacle)
Wands
 v - a wand of iceblast (16)
Scrolls
 a - 2 scrolls of teleportation
 f - 2 scrolls of remove curse
 i - 2 scrolls of amnesia
 p - a scroll of fog
 q - a scroll of magic mapping
 r - a scroll of blinking
Potions
 c - a potion of flight
 d - 5 potions of curing
 e - 3 potions of invisibility
 g - 3 potions of agility
 h - 4 potions of haste {unknown}
 k - 2 potions of brilliance
 l - a potion of mutation
 n - a potion of heal wounds
 o - a potion of ambrosia
 s - a potion of magic
 u - a potion of lignification {unknown}
Comestibles
 b - 3 rations


   Skills:
 - Level 7.1 Fighting
 - Level 2.0 Dodging
 - Level 2.6 Stealth
 + Level 6.3 Spellcasting
 - Level 1.0 Conjurations
 * Level 9.2 Poison Magic


You had 5 spell levels left.
You knew the following spells:

 Your Spells              Type           Power        Failure   Level  Hunger
a - Sting                 Conj/Pois      ####         1%          1    None
b - Poisonous Vapours     Pois/Air       ####..       2%          2    None
c - Mephitic Cloud        Conj/Pois/Air  ###.....     7%          3    #......
d - Olgreb's Toxic Radia  Pois           #####...     2%          4    ###....
e - Venom Bolt            Conj/Pois      ####......   32%         5    #####..

Your spell library contained the following spells:

 Spells                   Type           Power        Failure   Level  Hunger
 Summon Ice Beast         Ice/Summ       #.......     67%         4    ###....
 Call Canine Familiar     Summ           #.......     28%         3    #......
 Summon Butterflies       Summ           #.......     10%         1    None
 Summon Hydra             Summ           #.........   100%        7    #######
 Summon Mana Viper        Hex/Summ       #.......     95%         5    #####..


Dungeon Overview and Level Annotations

Branches:
Dungeon (5/15)
 Temple: D:4-7

Altars:
Nemelex Xobeh
Wu Jian

Shops:
D:4 %


Innate Abilities, Weirdness & Mutations

You cannot wear most types of armour.
You are very stealthy in the water. (Stealth+)
You are amphibious.
You can wear up to eight rings at the same time.
You can use your tentacles to constrict eight enemies at once.
Your skin changes colour to match your surroundings (Stealth+).
Your rubbery body absorbs attacks. (AC +1, EV +1)


Message History

The bolt of poison hits the jelly.
The jelly is heavily wounded.
The jelly hits you.
* * * LOW HITPOINT WARNING * * *
The acid corrodes you!
You are splashed with acid!
The acid burns!
* * * LOW HITPOINT WARNING * * *
Unknown command.
Unknown command.
Casting: Venom Bolt (very dangerous; 32% risk of failure)
Confirm with . or Enter, or press ? or * to list all spells.
The spell is very dangerous to cast (32% risk of failure)!
Continue anyway?
Aiming: Venom Bolt (very dangerous; 32% risk of failure)
Press: ? - help, Shift-Dir - straight line, f/p - jelly
Aim: a jelly (heavily wounded, poisoned)
The bolt of poison hits the jelly.
The jelly is heavily wounded.
The jelly looks more healthy.
The jelly hits you.
* * * LOW HITPOINT WARNING * * *
The acid corrodes you!
You are splashed with acid!
The acid burns!
You die...

### ####.######## ###
#........##.. ..#
#......#.##.# #.#
###........##.# #.#
...........##.#######.#
###......J............#
#.....@#.....##.###.###
#.#...#......##........
#.##.###............##.
# ... ....##........##.
########.############.
#.# #. #.# ####. #....
#.#.#


You could see a jelly.

Vanquished Creatures
  Purgy (Sewer)
  3 ice beasts
  4 ogres
  2 centaurs
  2 big kobolds (D:5)
  A bullfrog (D:3)
  8 scorpions (Ossuary)
  A crimson imp (D:5)
  3 centaur zombies (Ossuary)
  A jelly (D:5)
  A human zombie (Ossuary)
  2 orc wizards (D:4)
  An orc priest (D:3)
  A centaur skeleton (D:4)
  A bullfrog skeleton (D:5)
  An iguana (D:5)
  2 worker ants
  3 big kobold zombies (Ossuary)
  3 mummies (Ossuary)
  7 adders
  3 scorpion zombies (Ossuary)
  5 oozes
  An adder zombie (D:5)
  4 worms
  6 dart slugs
  5 leopard geckos
  6 orcs
  4 giant cockroaches
  3 gnoll zombies (Ossuary)
  3 goblins
  6 hobgoblins
  3 jackals (D:5)
  2 quokkas (D:4)
  A ball python (D:5)
  8 bats
  2 frilled lizards
  3 goblin zombies (Ossuary)
  2 hobgoblin zombies (Ossuary)
  A jackal skeleton (D:4)
  10 kobolds
  A leopard gecko skeleton (D:5)
  2 orc zombies (Ossuary)
  A quokka zombie (D:5)
  3 rats
133 creatures vanquished.

Vanquished Creatures (others)
  A scorpion (Ossuary)
  A goblin zombie (Ossuary)
  5 fungi (D:5)
  10 toadstools (D:5)
17 creatures vanquished.

Grand Total: 150 creatures vanquished

Notes
Turn   | Place    | Note
-------+----------+-------------------------------------------
     0 | D:1      | inmateoo the Octopode Venom Mage began the quest for the Orb.
     0 | D:1      | Reached XP level 1. HP: 11/11 MP: 3/3
   424 | D:1      | Reached skill level 1 in Fighting
   424 | D:1      | Reached skill level 4 in Poison Magic
   424 | D:1      | Reached XP level 2. HP: 17/18 MP: 5/5
  1121 | D:2      | Reached XP level 3. HP: 24/24 MP: 4/6
  1127 | D:2      | Learned a level 2 spell: Poisonous Vapours
  1131 | D:2      | Learned a level 3 spell: Mephitic Cloud
  1140 | D:2      | Noticed an ogre
  1163 | D:2      | Killed an ogre
  1163 | D:2      | Reached skill level 5 in Poison Magic
  1163 | D:2      | Reached XP level 4. HP: 27/31 MP: 0/7
  1163 | D:2      | Reached XP level 5. HP: 31/36 MP: 0/8
  1838 | D:2      | You fall through a shaft!
  1838 | D:3      | Noticed an ogre
  1838 | D:3      | Noticed an ogre
  2061 | D:3      | Found a faded altar of an unknown god.
  2335 | D:3      | Killed an ogre
  2335 | D:3      | Reached skill level 6 in Poison Magic
  2335 | D:3      | Reached XP level 6. HP: 43/43 MP: 1/9
  2901 | D:4      | Found Fuak's Food Boutique.
  2997 | D:4      | Found a glowing drain.
  3050 | Sewer    | Entered a sewer
  3169 | Sewer    | Noticed Purgy
  3276 | Sewer    | Killed Purgy
  3276 | Sewer    | Reached XP level 7. HP: 48/48 MP: 4/13
  3328 | D:4      | Learned a level 4 spell: Olgreb's Toxic Radiance
  3405 | D:4      | Found a sand-covered staircase.
  3409 | Ossuary  | Entered an ossuary
  3781 | Ossuary  | Reached skill level 5 in Spellcasting
  4261 | Ossuary  | Reached skill level 5 in Fighting
  4283 | Ossuary  | Reached XP level 8. HP: 34/55 MP: 13/15
  5291 | D:3      | Learned a level 5 spell: Venom Bolt
  5803 | D:4      | Reached skill level 7 in Poison Magic
  6447 | D:4      | Found a sparkling altar of Nemelex Xobeh.
  6585 | D:5      | Entered Level 5 of the Dungeon
  6667 | D:5      | Found an ornate altar of the Wu Jian Council.
  6954 | D:5      | Reached XP level 9. HP: 58/64 MP: 17/17
  6972 | D:5      | Reached skill level 8 in Poison Magic
  8524 | D:5      | Reached skill level 9 in Poison Magic
  8834 | D:5      | Splashed by a jelly's acid

Skill      XL: |  1  2  3  4  5  6  7  8  9 |
---------------+----------------------------+-----
Fighting       | 1 3 4 5 7 |  7.1
Poison Magic   | 4 5 6 7 9 |  9.2
Spellcasting   | 4 5 6 |  6.3
Dodging        | |  2.0
Stealth        | |  2.6
Conjurations   | |  1.0

Action                   |  1- 3 |  4- 6 |  7- 9 || total
-------------------------+-------+-------+-------++-------
Melee: Unarmed           |    56 |   119 |     8 ||   183
       Constrict         |    11 |    26 |    50 ||    87
       Tentacles         |    12 |    24 |    64 ||   100
       Spear             |       |       |   239 ||   239
       Trident           |       |       |   117 ||   117
 Cast: Sting             |     3 |       |       ||     3
       Poisonous Vapours |     3 |    27 |    40 ||    70
       Mephitic Cloud    |       |     4 |     2 ||     6
       Venom Bolt        |       |       |     4 ||     4
  Use: Scroll            |     8 |     7 |     9 ||    24
       Potion            |       |     1 |     5 ||     6
 Stab: Sleeping          |     5 |     8 |    20 ||    33
       Distracted        |       |       |     3 ||     3
  Eat: Chunk             |       |     8 |     8 ||    16
       Ration            |       |     1 |     3 ||     4
Armor: Skin              |     7 |    16 |    16 ||    39
Dodge: Dodged            |    41 |    73 |   194 ||   308
